 Dungeon Crawl Stone Soup version 0.21-a0-260-g9b2435e (webtiles) character file.

11 roguesci the Charmwright (level 2, 0/22 HPs)
             Began as a Demonspawn Skald on Sept 7, 2017.
             Slain by a hobgoblin
             ... wielding a +0 club
              (2 damage)
             ... on level 1 of the Dungeon.
             The game lasted 00:01:39 (362 turns).

roguesci the Charmwright (Demonspawn Skald)          Turns: 362, Time: 00:01:40

Health: 0/22       AC:  3    Str: 11    XL:     2   Next: 17%
Magic:  5/5        EV: 12    Int: 14    God:
Gold:   7          SH:  0    Dex: 12    Spells: 4/5 levels left

rFire    . . .     SeeInvis .   a - +0 hand axe
rCold    . . .     Gourm    .   (no shield)
rNeg     . . .     Faith    .   b - +0 leather armour
rPois    .         Spirit   .   (no helmet)
rElec    .         Reflect  .   (no cloak)
rCorr    .         Harm     .   (no gloves)
MR       .....                  (no boots)
Stlth    +.........             (no amulet)
HPRegen  0.07/turn              (no ring)
MPRegen  0.09/turn              (no ring)

@: no status effects
A: hooves 1
a: no special abilities


You were on level 1 of the Dungeon.
You were not hungry.

You visited 1 branch of the dungeon, and saw 1 of its levels.

You collected 7 gold pieces.

Inventory:

Hand Weapons
 a - a +0 hand axe (weapon)
Missiles
 k - 13 stones (quivered)
Armour
 b - a +0 leather armour (worn)
Jewellery
 f - an uncursed ring of magical power {unknown}
Scrolls
 i - a scroll of enchant weapon {unknown}
 j - 2 scrolls of identify {unknown}
Potions
 e - a potion of brilliance {unknown}
Books
 c - a book of Battle

   Spells                             Type                      Level
   a - Infusion                       Charms                       1
   b - Shroud of Golubria             Charms/Translocation         2
   c - Song of Slaying                Charms                       2
   d - Spectral Weapon                Hexes/Charms                 3
   e - Regeneration                   Charms/Necromancy            3
Comestibles
 d - a bread ration
 g - a royal jelly
 h - 9 chunks of flesh


   Skills:
 + Level 2.1 Fighting
 + Level 1.7 Axes
 + Level 1.0 Armour
 * Level 2.0 Dodging
 + Level 0.2 Stealth
 * Level 2.1 Spellcasting
 * Level 2.9 Charms


You had 4 spell levels left.
You knew the following spells:

 Your Spells              Type           Power        Failure   Level  Hunger
a - Infusion              Chrm           #...         10%         1    #......


Dungeon Overview and Level Annotations

Branches:
Dungeon (1/15)

Altars:


Innate Abilities, Weirdness & Mutations

You have large cloven feet.


Message History

You are too injured to fight recklessly!
You are too injured to fight recklessly!
You barely miss the hobgoblin.
The hobgoblin is almost dead.
The hobgoblin barely misses you.
You hit the hobgoblin but do no damage. Your kick misses the hobgoblin.
The hobgoblin is almost dead.
The hobgoblin hits you with a club.
* * * LOW HITPOINT WARNING * * *
You barely miss the hobgoblin.
The hobgoblin is almost dead.
The hobgoblin hits you but does no damage.
You barely miss the hobgoblin. Your kick misses the hobgoblin.
The hobgoblin is almost dead.
The hobgoblin hits you with a club.
* * * LOW HITPOINT WARNING * * *
You closely miss the hobgoblin.
The hobgoblin is almost dead.
The hobgoblin hits you with a club.
You die...

....###################......#
....).................'.>..รท.#
)...###################......#
##### #.... ##.#'### # #....
#.#..# # #....###### #.##+# +
#.........# #..... #
#....g....+ ......## ...
#....@....# ##.....# ...#
###.......######....(# ...+
...............+.....#
...#############.########.....#
....
............########.....###
####
#...######.......######..#.
#........'.......+.........
#......###.......#...##....
#......# #.......#...##.#..


You could see a hobgoblin.

Vanquished Creatures
  A leopard gecko (D:1)
  A ball python (D:1)
  3 hobgoblins (D:1)
  2 bats (D:1)
  A frilled lizard (D:1)
  A goblin (D:1)
  2 rats (D:1)
11 creatures vanquished.

Notes
Turn   | Place    | Note
-------+----------+-------------------------------------------
     0 | D:1      | roguesci the Demonspawn Skald began the quest for the Orb.
     0 | D:1      | Reached XP level 1. HP: 16/16 MP: 3/3
   217 | D:1      | Reached skill level 1 in Armour
   222 | D:1      | Gained mutation: You have large cloven feet. [demonic ancestry]
   222 | D:1      | Reached XP level 2. HP: 22/22 MP: 0/5
   362 | D:1      | Slain by a hobgoblin

Vault maps used:
D:1:      dpeg_arrival_concentric_ovals

Skill      XL: |  1 |
---------------+----+-----
Dodging        | 2 |  2.0
Armour         | 1 |  1.0
Fighting       | |  2.1
Axes           | |  1.7
Stealth        | |  0.2
Spellcasting   | |  2.1
Charms         | |  2.9

Action                   || total
-------------------------++-------
Melee: Hand axe          ||    44
       Kick              ||     4
 Cast: Infusion          ||     2
Armor: Leather armour    ||    10
Dodge: Dodged            ||    33

Table legend:
 A = Spawn XP
 B = Non-spawn XP
 C = Spawn XP percentage of total XP
 D = Spawn monster count
 E = Non-spawn monster count
 F = Spawn count percentage of total count
 G = Total turns spent on level
                    A         B        C        D         E        F      G
               +---------+---------+-------+---------+---------+-------+---------
         Total |       0 |      17 |   0.0 |       0 |      11 |   0.0 |   362
               +---------+---------+-------+---------+---------+-------+---------
           D:1 |       0 |      17 |   0.0 |       0 |      11 |   0.0 |   362
               +---------+---------+-------+---------+---------+-------+---------
